 Dungeon Crawl Stone Soup version 0.21.1-1-g345015fe64 (webtiles) character file.

59 Knicklaso the Skirmisher (level 3, 0/30 HPs)
             Began as a Demonspawn Hunter on Apr 12, 2018.
             Was an Initiate of Wu Jian.
             Killed from afar by Natasha (6 damage)
             ... with a magic dart
             ... on level 2 of the Dungeon.
             The game lasted 00:05:36 (2089 turns).

Knicklaso the Skirmisher (Demonspawn Hunter)        Turns: 2089, Time: 00:05:37

Health: 0/30       AC:  5    Str: 12    XL:     3   Next: 78%
Magic:  3/3        EV: 10    Int: 13    God:    Wu Jian [......]
Gold:   37         SH:  0    Dex: 13    Spells: 2/2 levels left

rFire    + . .     SeeInvis .   a - +0 short sword
rCold    . . .     Gourm    .   (no shield)
rNeg     . . .     Faith    .   g - +0 ring mail
rPois    .         Spirit   .   (helmet restricted)
rElec    .         Reflect  .   (no cloak)
rCorr    .         Harm     .   (no gloves)
MR       .....                  (no boots)
Stlth    +.........             (no amulet)
HPRegen  0.10/turn              (no ring)
MPRegen  0.08/turn              (no ring)

@: slowed, very slow
A: antennae 1, fire resistance 1
a: Renounce Religion


You were on level 2 of the Dungeon.
You worshipped Wu Jian.
Wu Jian was noncommittal.
You were hungry.

You visited 1 branch of the dungeon, and saw 2 of its levels.

You collected 37 gold pieces.

Inventory:

Hand Weapons
 a - a +0 short sword (weapon)
 l - a cursed -1 dagger
Missiles
 c - 5 javelins (quivered)
 k - 2 throwing nets
Armour
 b - a +0 leather armour
 g - a +0 ring mail (worn)
Jewellery
 i - an uncursed ring of protection from fire {unknown}
Scrolls
 e - a scroll of identify {unknown}
 h - a scroll of remove curse
 j - a scroll of noise {unknown}
Potions
 m - a potion of cancellation {unknown}
Comestibles
 d - 2 chunks of flesh
 f - 4 rations


   Skills:
 + Level 4.2 Fighting
 - Level 3.6 Throwing
 - Level 1.7 Dodging
 - Level 0.8 Stealth
 * Level 0.0 Unarmed Combat


You had 2 spell levels left.
You didn't know any spells.

Dungeon Overview and Level Annotations

Branches:
Dungeon (2/15)

Altars:
Kikubaaqudgha
Nemelex Xobeh
Wu Jian
Zin

Annotations:
D:2 Natasha


Innate Abilities, Weirdness & Mutations

You have a pair of small antennae on your head.
Your flesh is heat resistant. (rF+)


Message History

The crimson imp laughs crazily.
The iron imp sputters.
The crimson imp sputters.
The crimson imp blinks!
Natasha claws you! Natasha claws you.
* * * LOW HITPOINT WARNING * * *
Natasha casts a spell at you.
You feel yourself slow down.
Natasha stares at you and mumbles some strange words.
You resist with significant effort.
The crimson imp blinks!
Natasha barely misses you. Natasha casts a spell at you.
The magic dart hits you!
* * * LOW HITPOINT WARNING * * *
Natasha stares at you and mumbles some strange words.
You resist with significant effort. Natasha casts a spell at you.
The magic dart hits you!
You die...

...............................##
..##...............###...........
.................................
............#######.##....#...#.#
...............####..#....#...#.#
5###......................#.....#
.# #...###..##h.###..............
.# #........##..###..............
.# #..####......@.....#.#.#.#....
.# #..####..##..###...#..........
w# #.....#..##..# #....##.#.#....
.# #.....#..##..###..#.##.#.#....
.# #.....+...........#..#.#.#....
.###+#...#.......##..##.#.#.#....
........##..###..##..##.#.#.##...
............# #..##..##.#.#.##...
............. ...##..##..........


You could see Natasha.

Vanquished Creatures
  2 adders (D:2)
  A worm (D:2)
  2 dart slugs (D:1)
  A leopard gecko (D:1)
  A ball python (D:2)
  8 bats
  3 giant cockroaches (D:1)
  2 goblins (D:1)
  3 hobgoblins (D:1)
  3 kobolds
  2 frilled lizards
  7 rats
35 creatures vanquished.

Notes
Turn   | Place    | Note
-------+----------+-------------------------------------------
     0 | D:1      | Knicklaso the Demonspawn Hunter began the quest for the Orb.
     0 | D:1      | Reached XP level 1. HP: 16/16 MP: 1/1
   283 | D:1      | Gained mutation: Your flesh is heat resistant. (rF+) [demonic ancestry]
   283 | D:1      | Reached XP level 2. HP: 20/23 MP: 2/2
   595 | D:1      | Reached skill level 3 in Fighting
  1012 | D:1      | Gained mutation: You have a pair of small antennae on your head. [demonic ancestry]
  1012 | D:1      | Reached XP level 3. HP: 29/29 MP: 3/3
  1141 | D:2      | Noticed Natasha
  1744 | D:2      | Found a glowing silver altar of Zin.
  1746 | D:2      | Found an ancient bone altar of Kikubaaqudgha.
  1750 | D:2      | Found a sparkling altar of Nemelex Xobeh.
  1877 | D:2      | Found an ornate altar of the Wu Jian Council.
  1888 | D:2      | Became a worshipper of the Wu Jian Council
  1961 | D:2      | Reached skill level 4 in Fighting
  2089 | D:2      | Killed from afar by Natasha

Skill      XL: |  1  2  3 |
---------------+----------+-----
Fighting       | 3 4 |  4.2
Throwing       | |  3.6
Dodging        | |  1.7
Stealth        | |  0.8

Action                   || total
-------------------------++-------
Melee: Short sword       ||   169
Throw: Javelin           ||     9
       Throwing net      ||     3
Invok: Lunge             ||     1
  Use: Scroll            ||     3
  Eat: Ration            ||     1
Armor: Leather armour    ||    39
       Ring mail         ||    32
Dodge: Dodged            ||   121
